 Dungeon Crawl Stone Soup version 0.28-a0-556-gab23d0e057 (webtiles) character file.

Game seed: 12280263319813439406

5896 BR41ND34D the Jinx (level 10, 0/118 HPs)
             Began as a Vampire Enchanter on Sept 28, 2021.
             Slain by a slime creature (14 damage)
             ... on level 7 of the Dungeon.
             The game lasted 00:50:04 (6107 turns).

BR41ND34D the Jinx (Vampire Enchanter)              Turns: 6107, Time: 00:50:05

Health: 0/118      AC: 25    Str: 13    XL:     10   Next: 53%
Magic:  20/21      EV:  2    Int: 20    God:
Gold:   410        SH:  0    Dex: 16    Spells: 14/23 levels left

rFire   + . .      SeeInvis +   b - +2 flail (vorpal)
rCold   + . .      Faith    .   (no shield)
rNeg    + + +      Spirit   .   (armour currently unavailable)
rPois   +          Reflect  .   (helmet currently unavailable)
rElec   +          Harm     .   (cloak currently unavailable)
rCorr   +          Rampage  .   (gloves currently unavailable)
Will    +....      NoTele   +   (boots currently unavailable)
Stlth   ++........              (no amulet)
HPRegen 0.49/turn               u - ring of wizardry
MPRegen 0.17/turn               z - +6 ring of strength

@: confused, tree-form, resistant, very slightly contaminated, healing quickly,
invisible
A: stationary, stasis, torment immunity, boosted hp, alive, (fangs 3), see
invisible, vampiric 2
a: Exsanguinate


You were on level 7 of the Dungeon.
You were a tree.
You visited 1 branch of the dungeon, and saw 7 of its levels.

You collected 410 gold pieces.

Inventory:

Hand Weapons
 a - a +0 dagger of venom
 b - a +2 vorpal flail (weapon)
 t - a +2 battleaxe of freezing
 K - a +0 hand axe of draining
Missiles
 j - 27 poisoned darts (quivered)
Armour
 e - a +0 helmet (melded)
 g - a +0 pair of boots (melded)
 y - a +1 pair of gloves (melded)
 A - the +1 ring mail of Sin (melded) {*Slow Will++}
   (You found it on level 4 of the Dungeon)

   *Slow:     It may slow you when you take damage.
   Will:      It greatly increases your willpower.
 I - a +0 kite shield
 L - a +2 robe of positive energy
 M - +0 steam dragon scales
Magical Staves
 c - a staff of fire
Jewellery
 u - a ring of wizardry (left branch)
 z - a +6 ring of strength (right branch)
Wands
 l - a wand of flame (26)
 q - a wand of charming (10)
 w - a wand of paralysis (3)
 x - a wand of digging (3)
 F - a wand of iceblast (3)
Scrolls
 d - 3 scrolls of identify
 f - a scroll of magic mapping {unknown}
 h - 2 scrolls of summoning {unknown}
 p - 4 scrolls of teleportation
 s - 4 scrolls of amnesia
 v - a scroll of blinking {unknown}
 D - 2 scrolls of immolation
 E - a scroll of vulnerability {unknown}
 J - a scroll of holy word {unknown}
Potions
 i - 2 potions of degeneration {unknown}
 k - a potion of invisibility
 m - a potion of resistance
 n - a potion of curing
 o - a potion of lignification
 r - a potion of brilliance {unknown}
 B - a potion of attraction {unknown}
 C - 2 potions of berserk rage {unknown}
 G - a potion of mutation {unknown}
 H - a potion of might {unknown}


   Skills:
 * Level 7.0 Fighting
 - Level 5.0 Short Blades
 + Level 3.1 Armour
 - Level 5.3 Dodging
 - Level 7.5 Stealth
 + Level 3.6 Shields
 * Level 7.4 Spellcasting
 - Level 8.1 Hexes
 - Level 2.0 Air Magic
 - Level 3.1 Poison Magic


You had 14 spell levels left.
You knew the following spells:

 Your Spells              Type           Power      Damage    Failure   Level
a - Confusing Touch       Hex            39%        N/A       1%          3
b - Mephitic Cloud        Conj/Pois/Air  14%        N/A       5%          3
c - Swiftness             Air            15%        N/A       4%          3

Your spell library contained the following spells:

 Spells                   Type           Power      Damage    Failure   Level
 Ensorcelled Hibernation  Hex/Ice        46%        N/A       1%          2
 Tukima's Dance           Hex            39%        N/A       1%          3
 Shock                    Conj/Air       44%        1d5       2%          1
 Dazzling Flash           Conj/Hex       46%        N/A       2%          3
 Inner Flame              Hex/Fire       23%        N/A       2%          3
 Foxfire                  Conj/Fire      28%        2x1d5     3%          1
 Magic Dart               Conj           28%        1d4       3%          1
 Sandblast                Erth           14%        2d6       3%          1
 Static Discharge         Conj/Air       11%        N/A       3%          2
 Call Imp                 Summ           7%         N/A       6%          2
 Passwall                 Tmut/Erth      5%         N/A       6%          2
 Conjure Flame            Conj/Fire      7%         6-21      11%         3
 Stone Arrow              Conj/Erth      14%        3d7       11%         3
 Airstrike                Air            7%         N/A       16%         4
 Dispel Undead            Necr           7%         3d8       32%         4
 Flame Wave               Conj/Fire      7%         3d4       32%         4
 Sticky Flame             Conj/Fire      7%         2d3       32%         4


Dungeon Overview and Level Annotations

Branches:
Dungeon (7/15)
 Temple: D:4-7

Altars:

Shops:
D:1 (


Innate Abilities, Weirdness & Mutations

You are a tree.
Your roots penetrate the ground, keeping you stationary.
You cannot be teleported.
You are immune to unholy pain and torment.
Your maximum health is greatly increased.
Your equipment is partially melded.
Your natural rate of healing is accelerated.
((You have razor-sharp teeth.))
You have supernaturally acute eyesight. (SInv)
You are afflicted with vampirism and can become a bat while bloodless.


Message History

The two-headed ogre hits itself with a +0 giant club!!
The two-headed ogre is killed!
The vampire gestures at you while chanting.
You are confused.
Your Armour skill increases to level 3!
The vampire gestures at you while chanting.
You are more confused.
The gargoyle hurls a stone arrow at you.
The stone arrow hits the vampire!
The vampire is destroyed!
Your Fighting skill increases to level 7!
You cannot move. (Use ctrl+direction or * direction to attack without moving.)
You cannot move. (Use ctrl+direction or * direction to attack without moving.)
You cannot move. (Use ctrl+direction or * direction to attack without moving.)
You cannot move. (Use ctrl+direction or * direction to attack without moving.)
You cannot move. (Use ctrl+direction or * direction to attack without moving.)
You nearly hit yourself!
The troll bites you but does no damage. The troll barely misses you.
The troll completely misses you.
You swing at nothing.
The troll bites you but does no damage.
The troll claws you but does no damage. x2
You swing at nothing.
The troll bites you but does no damage.
The troll claws you but does no damage. x2
The gargoyle hurls a stone arrow at you.
The stone arrow hits the troll!
The troll bites you!
* * * LOW HITPOINT WARNING * * *
The troll claws you.
* * * LOW HITPOINT WARNING * * *
The troll claws you but does no damage.
It was a potion of resistance.
You feel protected.
The gargoyle hurls a stone arrow at you.
The stone arrow hits the troll!!
The troll dies!
You attack the stone wall.
The slime creature hits you!
* * * LOW HITPOINT WARNING * * *
The gargoyle hurls a stone arrow at you.
The stone arrow hits the slime creature!
The slime creature hits you but does no damage.
You swing at nothing.
The slime creature hits you!
You die...

##.)###+### ###'### ###.#.....#
##.. ..## #..#..# # #.#.#...#
#!.. ..)# #.....# # #.'...#.+
#"!!#)))# +#...#+ # #.#.#...#
$.()..$ #.....# # #.#.....#.
..:.. .#..#..# # ..###'####. †9.
.####'### # #..##..#..###.##J##.#
#.....## .# ..##..#.#..###..♣..#
#..#.#..##..
.##..#...#..####'####..##.##..##.
.#..#..#..#..#.##..#..#.....#..#.
#.#..#.#..#†#..(.##.##.....##.#.
+#..#.[.#..#'#(#(#'...........'.
#.#..#.#..#)##....#.##.....##.#.
#..#..#..#))#..##.#..#.....#..#.
##..#...#..####'####..##.##..##.
##..#.#..##.......##..#.#..##..


You could see a slime creature and a gargoyle.

Vanquished Creatures
  A two-headed ogre (D:7)
  A deep elf pyromancer (D:7)
  A cyclops (D:7)
  The ghost of MirrMurr the Thrower, a novice GnHu (D:5)
  2 kobold demonologists (D:6)
  A slime creature (D:7)
  Sigmund (D:2)
  A basilisk (D:7)
  A steam dragon (D:7)
  An acid dragon (D:7)
  2 water moccasins
  4 ice beasts (D:7)
  2 ogres
  2 black bears
  A necrophage (D:7)
  2 centaurs (D:7)
  A phantom (D:5)
  3 kobold brigands (D:6)
  3 bullfrogs (D:7)
  A scorpion (D:7)
  A wyvern skeleton (D:6)
  5 wights
  A howler monkey (D:6)
  3 bullfrog skeletons
  3 centaur skeletons
  3 hounds
  4 orc wizards
  A scorpion zombie (D:4)
  5 iguanas
  A killer bee zombie (D:7)
  A hound zombie (D:5)
  2 hound skeletons (D:4)
  A howler monkey skeleton (D:6)
  7 adders
  2 white imps
  An ufetubus (D:7)
  2 worms
  A dart slug (D:1)
  11 orcs
  5 ball pythons
  5 endoplasms
  5 giant cockroaches
  4 goblins
  5 hobgoblins
  3 quokkas
  A bat (D:3)
  4 frilled lizards
  9 kobolds
  5 rats
133 creatures vanquished.

Vanquished Creatures (others)
  A troll (D:7)
  2 vampires (D:7)
3 creatures vanquished.

Grand Total: 136 creatures vanquished

Notes
Turn   | Place    | Note
-------+----------+-------------------------------------------
     0 | D:1      | BR41ND34D the Vampire Enchanter began the quest for the
                  | Orb.
     0 | D:1      | Reached XP level 1. HP: 13/13 MP: 3/3
   314 | D:1      | Reached XP level 2. HP: 20/20 MP: 5/5
   330 | D:1      | Found Lerr's Antique Weapon Emporium.
   748 | D:2      | Reached skill level 1 in Fighting
   867 | D:2      | Noticed Sigmund
   887 | D:2      | Killed Sigmund
   888 | D:2      | Reached skill level 5 in Hexes
   888 | D:2      | Gained mutation: You are afflicted with vampirism and can
                  | become a bat while bloodless. [Vampire growth]
   888 | D:2      | Reached XP level 3. HP: 15/27 MP: 5/7
   888 | D:2      | Reached XP level 4. HP: 19/33 MP: 5/8
   888 | D:2      | Reached XP level 5. HP: 22/38 MP: 5/9
  1001 | D:2      | Learned a level 3 spell: Confusing Touch
  1523 | D:3      | Found a faded altar of an unknown god.
  1582 | D:3      | Learned a level 3 spell: Mephitic Cloud
  2151 | D:4      | Reached XP level 6. HP: 31/46 MP: 11/11
  2274 | D:4      | You fall into a shaft and drop 3 floors!
  2274 | D:7      | Noticed an ice beast
  2343 | D:6      | Noticed a kobold demonologist
  2364 | D:6      | Killed a kobold demonologist
  2365 | D:6      | Reached skill level 6 in Hexes
  2365 | D:6      | Reached skill level 1 in Air Magic
  2365 | D:6      | Reached XP level 7. HP: 48/52 MP: 9/13
  2393 | D:6      | Reached skill level 5 in Stealth
  2393 | D:6      | Reached skill level 1 in Poison Magic
  2609 | D:5      | Entered Level 5 of the Dungeon
  2613 | D:5      | Found a runed translucent door.
  2613 | D:5      | Noticed MirrMurr's ghost (novice GnHu)
  3008 | D:4      | Identified the +1 ring mail of Sin {*Slow Will++}
  3067 | D:4      | Reached XP level 8. HP: 50/60 MP: 14/14
  4253 | D:5      | Killed MirrMurr's ghost
  4254 | D:5      | Reached skill level 5 in Spellcasting
  4331 | D:6      | Noticed a kobold demonologist
  4342 | D:6      | Killed a kobold demonologist
  4343 | D:6      | Reached skill level 1 in Armour
  4343 | D:6      | Reached skill level 1 in Shields
  4343 | D:6      | Reached skill level 7 in Hexes
  4352 | D:6      | Reached XP level 9. HP: 58/66 MP: 11/17
  4473 | D:6      | HP: 3/61 [wight (3)]
  4694 | D:6      | Learned a level 3 spell: Swiftness
  4999 | D:6      | Reached skill level 5 in Fighting
  5221 | D:7      | Reached skill level 5 in Dodging
  5488 | D:7      | Reached skill level 8 in Hexes
  5491 | D:7      | Reached skill level 5 in Short Blades
  5752 | D:7      | Noticed a deep elf pyromancer
  5790 | D:7      | Killed a deep elf pyromancer
  5791 | D:7      | Reached XP level 10. HP: 30/76 MP: 19/19
  6085 | D:7      | Noticed a two-headed ogre
  6085 | D:7      | Noticed a cyclops
  6085 | D:7      | Noticed a gargoyle
  6087 | D:7      | Found the +8 arc blade {discharge, rElec}
  6091 | D:7      | Killed a cyclops
  6098 | D:7      | Killed a two-headed ogre
  6107 | D:7      | Slain by a slime creature

Illustrated notes

Levels and vault maps discovered:
D:1:      minmay_arrival_checkered_box, layout_loops_ring, serial_shops,
          nicolae_shop_statue_plus
D:2:      layout_loops_cross, uniq_sigmund
D:3:      layout_loops_ring, chequers_ecumenical_altar_island
D:4:      layout_basic
D:5:      layout_rooms, hellmonk_ghost_happy_afterlife, portal_sewer_entry_a
D:6:      layout_basic
D:7:      minmay_the_grid_octo_tiled_octocenter
          [minmay_the_grid_octo_thin_diamonds, minmay_the_grid_octo_77,
          minmay_the_grid_octo_checkered, minmay_the_grid_octo_horde,
          minmay_the_grid_octo_prize_big_c,
          minmay_the_grid_square_5x5_three_walls,
          minmay_the_grid_square_5x5_n_small, minmay_the_grid_square_5x5_fat_x,
          minmay_the_grid_square_5x5_shuriken], layout_basic,
          minmay_temple_entry_enclosed_plants, hangedman_minor_gate_pass

Skill      XL: |  1  2  3  4  5  6  7  8  9 10 |
---------------+-------------------------------+-----
Fighting       | 2 3 4 6 7 |  7.0
Short Blades   | 2 3 4 5 |  5.0
Dodging        | 3 4 5 |  5.3
Spellcasting   | 3 4 5 6 7 |  7.4
Hexes          | 5 6 7 8 |  8.1
Air Magic      | 1 2 |  2.0
Stealth        | 5 6 7 |  7.5
Poison Magic   | 1 2 3 |  3.1
Armour         | 1 2 3 |  3.1
Shields        | 1 2 3 |  3.6

Action                   |  1- 3 |  4- 6 |  7- 9 | 10-12 || total
-------------------------+-------+-------+-------+-------++-------
Melee: Dagger            |    47 |    54 |   127 |       ||   228
       Bite              |     4 |     4 |    38 |     3 ||    49
       Whip              |     6 |    42 |       |       ||    48
       Flail             |       |       |   233 |    29 ||   262
 Cast: Mephitic Cloud    |       |     1 |    11 |     1 ||    13
       Confusing Touch   |       |       |     2 |       ||     2
       Swiftness         |       |       |     2 |       ||     2
Evoke: Wand              |       |       |     4 |     1 ||     5
  Use: Potion            |     1 |       |     3 |     3 ||     7
       Scroll            |       |     1 |     4 |       ||     5
 Stab: Sleeping          |     4 |     7 |     7 |       ||    18
       Confused          |       |     1 |    10 |       ||    11
       Distracted        |       |     1 |       |       ||     1
       Invisible         |       |       |       |     1 ||     1
Armor: Robe              |    13 |    12 |    11 |       ||    36
       Ring mail         |       |       |   180 |    12 ||   192
       Skin              |       |       |       |    14 ||    14
Dodge: Dodged            |    35 |    51 |   276 |    18 ||   380
Block: Kite shield       |       |       |    25 |       ||    25

Table legend: (Time is in decaauts)
 A = Elapsed time spent in this place.
 B = Non-inter-level travel time spent in this place.
 C = Inter-level travel time spent in this place.
 D = Time resting spent in this place.
 E = Time spent auto-exploring this place.
 F = Levels seen in this place.
 G = Mean time per level.
                   A        B        C        D        E       F      G
               +--------+--------+--------+--------+--------+-----+--------+
         Total |   6205 |   6037 |    168 |    609 |   3446 |   7 |  886.4 |
       Dungeon |   6205 |   6037 |    168 |    609 |   3446 |   7 |  886.4 |
               +--------+--------+--------+--------+--------+-----+--------+

Top non-repeatable levels by time:
     D:6: 1105 daAuts
     D:4: 1021 daAuts
     D:7: 967 daAuts
     D:5: 890 daAuts
     D:3: 839 daAuts
     D:2: 705 daAuts
     D:1: 674 daAuts
